 Dungeon Crawl Stone Soup version 0.30.0 (webtiles) character file.

Game seed: 11695081159413075837

172 darkmonkeyz the Trooper (level 5, 0/42 HPs)
             Began as a Demonspawn Monk on Oct 20, 2023.
             Was a Priest of Dithmenos.
             Succumbed to a gnoll sergeant's poison
             ... on level 3 of the Dungeon.
             The game lasted 00:13:09 (2898 turns).

darkmonkeyz the Trooper (Demonspawn Monk)           Turns: 2898, Time: 00:13:10

Health: 0/42       AC:  4    Str: 11    XL:     5   Next: 27%
Magic:  7/7        EV: 13    Int: 13    God:    Dithmenos [***...]
Gold:   137        SH:  0    Dex: 16    Spells: 3/6 levels left

rFire   + . .        a - +0 spear
rCold   x . .        (no shield)
rNeg    . . .        b - +0 robe
rPois   .            (helmet restricted)
rElec   .            y - +0 cloak
rCorr   .            (no gloves)
SInv    .            p - +0 pair of boots
Will    .....        j - amulet of magic regeneration
Stlth   ++           e - ring of wizardry
HPRegen 0.27/turn    f - ring of fire
MPRegen 0.50/turn

%: wizardry (x1)
@: lethally poisoned (0 -> -11), wreathed by umbra
A: antennae 2, demonic magic 1
a: Renounce Religion, Shadow Step


You were on level 3 of the Dungeon.
You worshipped Dithmenos.
Dithmenos was most pleased with you.
You visited 1 branch of the dungeon, and saw 4 of its levels.

You collected 137 gold pieces.

Inventory:

Hand Weapons
 a - a +0 spear (weapon)
Armour
 b - a +0 robe (worn)
 d - an orb of light
 p - a +0 pair of boots (worn)
 y - a +0 cloak (worn)
Jewellery
 e - a ring of wizardry (left hand)
 f - a ring of fire (right hand)
 j - an amulet of magic regeneration (around neck)
Wands
 o - a wand of paralysis (9)
Scrolls
 g - 2 scrolls of enchant weapon {unknown}
 h - a scroll of magic mapping {unknown}
 k - a scroll of teleportation {unknown}
 n - a scroll of identify {unknown}
 q - a scroll of vulnerability {unknown}
 s - a scroll of butterflies {unknown}
 t - a scroll of poison {unknown}
 v - a scroll of immolation {unknown}
 w - a scroll of fog {unknown}
 x - a scroll of enchant armour {unknown}
 A - a scroll of brand weapon {unknown}
Potions
 c - a potion of ambrosia
 i - a potion of haste {unknown}
 l - a potion of magic {unknown}
 r - a potion of attraction {unknown}
 u - 2 potions of heal wounds {unknown}
 z - a potion of curing {unknown}


   Skills:
 + Level 3.7 Fighting
 + Level 3.3 Polearms
 + Level 3.3 Dodging
 + Level 1.4 Spellcasting
 * Level 2.4 Poison Magic


You had 3 spell levels left.
You knew the following spells:

 Your Spells              Type           Power      Damage    Failure   Level
a - Sting                 Tmut/Pois      16%        1d3       6%          1
b - Poisonous Vapours     Pois/Air       8%         N/A       10%         2

Your spell library contained the following spells:

 Spells                   Type           Power      Damage    Failure   Level
 Olgreb's Toxic Radiance  Pois           7%         N/A       36%         4


Dungeon Overview and Level Annotations

Branches:
Dungeon (4/15)
 Temple: D:4-7

Altars:
Dithmenos
Gozag
Nemelex Xobeh
Okawaru
Qazlal


Innate Abilities, Weirdness & Mutations

You have a pair of antennae on your head.
Spells you cast may paralyse adjacent enemies.


Message History

You hit the adder.
The adder is almost dead.
You feel sick. The adder completely misses you.
The gnoll hits you from afar with a +0 spear.
The gnoll sergeant closely misses you.
You feel sick.
You closely miss the adder.
The adder is almost dead.
You feel sick. The adder barely misses you. The adder bites you.
You are more poisoned.
The adder poisons you! The adder attacks as you move away!
The adder closely misses you.
You feel sick.
You hit the adder.
The adder is almost dead.
You feel sick. The adder closely misses you.
You hit the adder.
You kill the adder!
Dithmenos accepts your kill.
You feel sick.
The gnoll sergeant hits you but does no damage.
You are more poisoned.
* * * LOW HITPOINT WARNING * * *
You feel very sick.
You feel sick.
You feel sick.
You feel sick.
You feel sick.
You feel sick.
You feel sick.
You feel sick.
You feel sick.
You are no longer poisoned.
There is an open door here.
There is a stone staircase leading up here.
The gnoll sergeant hits you from afar with a +1 spear of venom.
* * * LOW HITPOINT WARNING * * *
You are lethally poisoned!
You climb upwards.
You die...

### #.....##................#
.####..................#.####
................#+#......########
..................+..............
..............#..##..............
.........#....#..................
...##....#....#..#...............
...###........#..#...............
..............#.@##..............
...............................##
...................####..........
...................# #..........
##.................# #..........
#....##...###.....# #..........
#######...# ####### #####......
##### #...... #......


There were no monsters in sight!

Vanquished Creatures
  A hound (D:4)
  An iguana (D:3)
  4 adders
  2 gnolls (D:4)
  2 worms
  A dart slug (D:4)
  4 orcs (D:3)
  5 ball pythons
  5 bats
  6 endoplasms
  2 giant cockroaches
  2 goblins
  2 hobgoblins
  4 jackals (D:1)
  2 quokkas
  3 frilled lizards
  2 kobolds (D:3)
  2 rats
50 creatures vanquished.

Notes
Turn   | Place    | Note
-------+----------+-------------------------------------------
     0 | D:1      | darkmonkeyz the Demonspawn Monk began the quest for the
                  | Orb.
     0 | D:1      | Reached XP level 1. HP: 18/18 MP: 1/1
   146 | D:1      | Found a faded altar of an unknown god.
   146 | D:1      | Noticed a neqoxec
   155 | D:1      | Prayed at the altar of an unknown god.
   155 | D:1      | Became a worshipper of Dithmenos the Shadowed
   155 | D:1      | Reached * piety under Dithmenos
   155 | D:1      | Reached ** piety under Dithmenos
   374 | D:1      | Gained mutation: Spells you cast may paralyse adjacent
                  | enemies. [demonic ancestry]
   374 | D:1      | Reached XP level 2. HP: 6/24 MP: 2/2
   377 | D:1      | Reached *** piety under Dithmenos
   491 | D:1      | Learned a level 1 spell: Sting
  1015 | D:2      | Reached XP level 3. HP: 29/29 MP: 3/3
  1078 | D:2      | Reached skill level 1 in Poison Magic
  1764 | D:3      | Gained mutation: You have a pair of small antennae on your
                  | head. [demonic ancestry]
  1764 | D:3      | Reached XP level 4. HP: 13/35 MP: 2/5
  1765 | D:3      | Reached skill level 1 in Spellcasting
  2286 | D:3      | Found an opulent altar of Gozag.
  2287 | D:3      | Found a sparkling altar of Nemelex Xobeh.
  2332 | D:3      | Found a stormy altar of Qazlal.
  2442 | D:3      | Found an iron altar of Okawaru.
  2533 | D:4      | Noticed a gnoll sergeant
  2546 | D:3      | Learned a level 2 spell: Poisonous Vapours
  2683 | D:4      | Gained mutation: You have a pair of antennae on your head.
                  | [demonic ancestry]
  2683 | D:4      | Reached XP level 5. HP: 17/42 MP: 5/7
  2898 | D:3      | Succumbed to a gnoll sergeant's poison

Illustrated notes

Levels and vault maps discovered:
D:1:      ncdulo_halloftheorcs, layout_basic,
          dreamdust_ecumenical_altar_sealed_demon
D:2:      layout_loops_corners
D:3:      layout_basic, grunt_temple_overflow_opulence, lemuel_crystal_altar,
          okawaru_trees_1
D:4:      layout_basic, jmf_multi_god_temple2, serial_shops, shop,
          kennysheep_generic_room_16, uniq_blork_the_orc

Skill      XL: |  1  2  3  4 |
---------------+-------------+-----
Polearms       | 3 |  3.3
Dodging        | 3 |  3.3
Poison Magic   | 1 2 |  2.4
Spellcasting   | 1 |  1.4
Fighting       | |  3.7

Action                     |  1- 3 |  4- 6 || total
---------------------------+-------+-------++-------
  Melee: Spear             |    89 |    66 ||   155
         Punch             |       |     1 ||     1
  Throw: Dart              |       |     2 ||     2
         Throwing net      |       |     2 ||     2
   Cast: Sting             |    15 |    16 ||    31
         Poisonous Vapours |       |     8 ||     8
   Stab: Paralysed         |     4 |     5 ||     9
         Sleeping          |     3 |     2 ||     5
 Armour: Robe              |    11 |    12 ||    23
  Dodge: Dodged            |    90 |    53 ||   143
